 Dungeon Crawl Stone Soup version 0.22-a0-525-gf69a080 (webtiles) character file.

187 iamserjio the Ruffian (level 5, 6/37 HPs)
             Began as an Octopode Wanderer on June 21, 2018.
             Quit the game on level 4 of the Dungeon.
             The game lasted 00:07:03 (2960 turns).

iamserjio the Ruffian (Octopode Wanderer)           Turns: 2960, Time: 00:07:04

Health: 6/37       AC:  5    Str: 14    XL:     5   Next: 66%
Magic:  5/5        EV: 14    Int: 17    God:
Gold:   62         SH:  0    Dex: 12    Spells: 4/4 levels left

rFire    . . .     SeeInvis .     - Unarmed
rCold    . . .     Gourm    .   (no shield)
rNeg     . . .     Faith    .   (helmet restricted)
rPois    .         Spirit   .   (no amulet)
rElec    .         Reflect  .   (no ring)
rCorr    .         Harm     .   (no ring)
MR       .....                  (no ring)
Stlth    +++.......             (no ring)
HPRegen  0.12/turn              (no ring)
MPRegen  0.09/turn              (no ring)
                                (no ring)
                                (no ring)

@: brilliant, lethally poisoned (6 -> -20), flying
A: almost no armour, stealthy swim, amphibious, 8 rings, constrict 8, iridescent
scales 1, yellow scales 1, camouflage 1, gelatinous body 1
a: no special abilities


You were on level 4 of the Dungeon.
You were very hungry.

You visited 1 branch of the dungeon, and saw 4 of its levels.

You collected 62 gold pieces.

Inventory:

Hand Weapons
 b - a +0 shortbow
 e - a +0 dagger
 o - the cursed +2 dagger of Triumph {drain, rElec Str+10 Int+4 Dex-4, unknown}
   (You found it on level 4 of the Dungeon)

   A truly terrible weapon, it drains the life of those it strikes.
   It affects your strength (+10).
   It affects your intelligence (+4).
   It affects your dexterity (-4).
   It insulates you from electricity.
   It has a curse placed upon it.
Missiles
 c - 9 arrows
 p - 89 stones (quivered)
Jewellery
 l - an uncursed ring of fire {unknown}
 m - an uncursed ring of wizardry {unknown}
 q - an uncursed ring of stealth
Scrolls
 h - 6 scrolls of identify {@r1}
 i - a scroll of enchant weapon {unknown}
 j - 3 scrolls of magic mapping
 n - a scroll of immolation
 r - 2 scrolls of fog {unknown}
 s - a scroll of amnesia {unknown}
 u - a scroll of remove curse {unknown}
Potions
 g - 2 potions of flight
 k - a potion of mutation
Miscellaneous
 a - a phial of floods (inert)
Comestibles
 f - 6 rations


   Skills:
 - Level 4.0 Fighting
 - Level 1.0 Bows
 - Level 1.0 Throwing
 + Level 3.0 Dodging
 - Level 2.6 Stealth
 * Level 4.2 Unarmed Combat
 - Level 1.1 Evocations


You had 4 spell levels left.
You didn't know any spells.
Your spell library was empty.

Dungeon Overview and Level Annotations

Branches:
Dungeon (4/15)
 Temple: D:4-7

Altars:
Dithmenos
Kikubaaqudgha
Trog

Annotations:
D:2 Sigmund


Innate Abilities, Weirdness & Mutations

You cannot wear most types of armour.
You are very stealthy in the water. (Stealth+)
You are amphibious.
You can wear up to eight rings at the same time.
You can use your tentacles to constrict eight enemies at once.
Your skin changes colour to match your surroundings (Stealth+).
Your rubbery body absorbs attacks. (AC +1, EV +1)
You are partially covered in iridescent scales. (AC +2)
You are partially covered in yellow scales. (AC +2)


Message History

Quiver which item? (- for none, * to show all) (? for menu, Esc to quit)
Okay, then.
You closely miss something.
Your tentacle-slap misses something.
* * * LOW HITPOINT WARNING * * *
You feel sick. Something hits you but does no damage.
You are more poisoned.
Quiver which item? (- for none, * to show all) (? for menu, Esc to quit)
You don't have any such object.
Quiver which item? (- for none, * to show all) (? for menu, Esc to quit)
That's the wrong kind of item! (Use * to select it.) Quiver which item? (- for none, * to show all) (? for menu, Esc to quit)
That's the wrong kind of item! (Use * to select it.) Quiver which item? (- for none, * to show all) (? for menu, Esc to quit)
Okay, then.
As you read the scroll of identify {@r1}, it crumbles to dust.
q - an uncursed ring of stealth
* * * LOW HITPOINT WARNING * * *
You feel sick. Something hits you but does no damage.
You are more poisoned.
Are you sure you want to abandon this character and quit the game? (Confirm with "yes".)

#.....##....#####
#.....##........#
#..$).).........#
##....##.##.#...#
#....##.##..#.##
##.............#
##.........##..##
#..........##...##
#..#.......o{@.#..####
#..#.......######....#
#..########## #.._.#
#.. ##ยง..# #...##
##....# ..
#..##.####..#
#.###......# ###
##.#....#


You could see an orc (inner flame).

Vanquished Creatures
  Jessica (D:3)
  Robin (D:2)
  3 adders (D:2)
  An ooze (D:4)
  A worm (D:3)
  2 dart slugs (D:1)
  4 leopard geckos
  4 orcs
  A ball python (D:1)
  8 bats
  5 giant cockroaches
  12 goblins
  8 hobgoblins
  7 jackals (D:2)
  A quokka (D:3)
  2 frilled lizards
  6 kobolds
  8 rats
75 creatures vanquished.

Vanquished Creatures (collateral kills)
  Crazy Yiuf (D:3)
1 creature vanquished.

Grand Total: 76 creatures vanquished

Notes
Turn   | Place    | Note
-------+----------+-------------------------------------------
     0 | D:1      | iamserjio the Octopode Wanderer began the quest for the Orb.
     0 | D:1      | iamserjio set off with: a phial of floods, a +0 shortbow, 26 arrows, a potion of curing {@q1}, a +0 dagger, a ration
     0 | D:1      | Reached XP level 1. HP: 17/17 MP: 1/1
    68 | D:1      | Reached skill level 1 in Unarmed Combat
    73 | D:1      | Reached XP level 2. HP: 17/22 MP: 2/2
   326 | D:1      | Reached XP level 3. HP: 27/27 MP: 3/3
   926 | D:2      | Found a bloodstained altar of Trog.
   992 | D:2      | Reached XP level 4. HP: 26/33 MP: 4/4
  1227 | D:2      | Noticed Robin
  1476 | D:2      | Killed Robin
  1637 | D:2      | Found an ancient bone altar of Kikubaaqudgha.
  1771 | D:2      | Noticed Sigmund
  2038 | D:3      | Reached XP level 5. HP: 28/37 MP: 5/5
  2317 | D:3      | Noticed Jessica
  2321 | D:3      | Killed Jessica
  2632 | D:3      | Found a runed door.
  2636 | D:3      | Noticed Crazy Yiuf
  2651 | D:3      | Killed Crazy Yiuf
  2880 | D:4      | Got a warped dagger
  2899 | D:4      | Found a shadowy altar of Dithmenos.
  2948 | D:4      | Gained mutation: You are partially covered in iridescent scales. (AC +2) [potion of mutation]
  2948 | D:4      | Gained mutation: You are partially covered in yellow scales. (AC +2) [potion of mutation]
  2960 | D:4      | Quit the game

Vault maps used:
D:1:      minmay_arrival_stone_box, hangedman_decor_push, minmay_octomino_e4
D:2:      kiku_gazebo_garden_becter, trog_book, uniq_sigmund, uniq_robin
D:3:      uniq_crazy_yiuf_cottage, uniq_jessica
D:4:      first_ration, st_stairs_9, grunt_ministairs_9,
          hangedman_abyss_or_decor_lesser_grid, grunt_dithmenos_smoke,
          uniq_duvessa

Skill      XL: |  1  2  3  4  5 |
---------------+----------------+-----
Unarmed Combat | 1 2 3 4 |  4.2
Dodging        | 2 3 |  3.0
Fighting       | |  4.0
Bows           | |  1.0
Throwing       | |  1.0
Stealth        | |  2.6
Evocations     | |  1.1

Action                   |  1- 3 |  4- 6 || total
-------------------------+-------+-------++-------
Melee: Unarmed           |    15 |    80 ||    95
       Constrict         |     7 |    23 ||    30
       Tentacles         |     6 |    17 ||    23
       Punch             |       |     2 ||     2
 Fire: Shortbow          |    87 |       ||    87
Throw: Stone             |       |     2 ||     2
Evoke: Phial of floods   |       |     1 ||     1
  Use: Potion            |       |     5 ||     5
       Scroll            |       |     3 ||     3
 Stab: Sleeping          |     2 |    11 ||    13
  Eat: Chunk             |       |     5 ||     5
Armor: Skin              |     7 |     5 ||    12
Dodge: Dodged            |    43 |    27 ||    70

Table legend:
 A = Spawn XP
 B = Non-spawn XP
 C = Spawn XP percentage of total XP
 D = Spawn monster count
 E = Non-spawn monster count
 F = Spawn count percentage of total count
 G = Total turns spent on level
                    A         B        C        D         E        F      G
               +---------+---------+-------+---------+---------+-------+---------
         Total |       0 |     268 |   0.0 |       0 |      76 |   0.0 |  2960
               +---------+---------+-------+---------+---------+-------+---------
           D:1 |       0 |      50 |   0.0 |       0 |      27 |   0.0 |   800
           D:2 |       0 |     113 |   0.0 |       0 |      34 |   0.0 |  1188
           D:3 |       0 |      87 |   0.0 |       0 |      10 |   0.0 |   883
           D:4 |       0 |      18 |   0.0 |       0 |       5 |   0.0 |    89
               +---------+---------+-------+---------+---------+-------+---------
